 Dungeon Crawl Stone Soup version 0.32-a0-981-g384da2ce10 (webtiles) character file.

Game seed: 10225880318719604147

5861 elagabalus the Thaumaturge (level 11, -8/84 HPs)
             Began as a Djinni Fire Elementalist on Apr 20, 2024.
             Was an Initiate of Ashenzari.
             Mangled by a blink frog (16 damage)
             ... on level 8 of the Dungeon.
             The game lasted 00:49:57 (6176 turns).

elagabalus the Thaumaturge (DjFE)                   Turns: 6176, Time: 00:49:58

Health: -8/84      AC:  9    Str:  7    XL:     11   Next: 7%
Gold:   1266       EV: 13    Int: 20    God:    Ashenzari [......] SH:  0 Dex: 15

rFire   + + .        A - staff of conjuration
rCold   x . .        (no shield)
rNeg    . . .        a - +1 robe
rPois   ∞            (no helmet)
rElec   .            f - +2 cloak {rPois}
rCorr   .            e - +2 pair of gloves "Gnostic Servitude" {Fort, Elem} (curse)
SInv    .            (boots unavailable)
Will    +....        q - amulet of the acrobat
Stlth   ++           (no ring)
HPRegen 0.34/turn    (no ring)

%: acrobat, infuse magic (-9 HP)
@: flying
A: sickness immunity, fire resistance 2, cold vulnerability 1, float, innate
caster, HP casting, extra vitality 1
a: Renounce Religion, Curse Item, Shatter the Chains


You were on level 8 of the Dungeon.
You worshipped Ashenzari.
Ashenzari was noncommittal.
You visited 1 branch of the dungeon, and saw 8 of its levels.
You also visited: Sewer.

You collected 1286 gold pieces.
You spent 20 gold pieces at shops.

Inventory:

Hand Weapons
 d - a +4 quarterstaff of chaos
 n - a +1 halberd of venom
Missiles
 u - a throwing net
Armour
 a - a +1 robe (worn)
 c - a +0 kite shield
 e - the cursed +2 pair of gloves "Gnostic Servitude" (worn) {Fort, Elem}
   (You found it on level 1 of the Dungeon)

   It has a curse which improves the following skills: Fortitude: Armour and
   Shields.
   Elements:  Fire Magic, Ice Magic, Air Magic and Earth Magic.
 f - a +2 cloak of poison resistance (worn)
Magical Staves
 A - a staff of conjuration (weapon)
Jewellery
 q - an amulet of the acrobat (around neck)
Wands
 g - a wand of flame (27)
 l - a wand of warping (4)
 t - a wand of paralysis (10)
Scrolls
 i - a scroll of fear
 m - 3 scrolls of teleportation
 r - 3 scrolls of enchant weapon
 v - a scroll of torment
 w - a scroll of immolation
 x - a scroll of vulnerability
 y - 3 scrolls of identify
Potions
 b - a potion of lignification
 h - a potion of resistance
 j - a potion of haste
 k - 3 potions of curing
 o - a potion of might
 p - a potion of ambrosia
 s - a potion of brilliance
 z - a potion of berserk rage
 B - a potion of heal wounds {unknown}


   Skills:
 - Level 9.1 Fighting
 - Level 5.2 Dodging
 - Level 1.5 Stealth
 - Level 10.1 Spellcasting
 - Level 10.1 Conjurations
 - Level 10.1 Hexes
 - Level 10.1 Summonings
 - Level 10.1 Necromancy
 - Level 10.1 Translocations
 - Level 10.1(10.4) Fire Magic
 - Level 10.1(10.4) Ice Magic
 - Level 10.1(10.4) Air Magic
 - Level 10.1(10.4) Earth Magic
 - Level 10.1 Alchemy
 * Level 1.4 Evocations


You knew the following spells:

 Your Spells              Type           Power      Damage    Failure   Level
a - Foxfire               Conj/Fire      100%       2x1d9     1%          1
b - Scorch                Fire           100%       2d9       1%          2
c - Volatile Blastmotes   Fire/Tloc      100%       2d18      1%          3
d - Inner Flame           Hex/Fire       50%        N/A       1%          3
e - Flame Wave            Conj/Fire      67%        2d15      1%          4
f - Magic Dart            Conj           100%       1d8       1%          1
g - Call Imp              Summ           100%       N/A       1%          2
h - Maxwell's Portable P  Tloc           50%        2d(10-28) 1%          3
i - Anguish               Hex/Necr       25%        N/A       1%          4
j - Metabolic Englaciati  Hex/Ice        25%        N/A       2%          5
Your spell library was empty.

Dungeon Overview and Level Annotations

Branches:
Dungeon (8/15)             Temple (0/1) D:7            Lair (0/5) D:8
  Sewer (visited)

Altars:
Ashenzari
Elyvilon
Fedhas
Ru
Wu Jian
Xom
Yredelemnul

Shops:
D:1 (   D:3 (   D:4 *   D:8 (

Annotations:
D:5 exclusion: statue
D:7 Jeremiah


Innate Abilities, Weirdness & Mutations

You are immune to sickness and miasma.
You are immune to poison.
Your flesh is very heat resistant. (rF++)
You are vulnerable to cold. (rC-)
You float through the air rather than walking.
You learn spells naturally, not from books.
Your magical power is your life essence.
You have superior vitality. (+4 MHP)


Message History

The arrow closely misses you. The blink frog hits you!
Casting: Scorch (safe; 1% risk of failure)
Confirm with . or Enter, or press ? or * to list all spells.
Flames lash the blink frog.
The blink frog is burned terribly!
The blink frog is heavily wounded.
The blink frog hits you but does no damage.
The centaur shoots an arrow.
The arrow hits you!
Casting: Scorch (safe; 1% risk of failure)
Confirm with . or Enter, or press ? or * to list all spells.
Flames lash the blink frog.
The blink frog is burned terribly!
The blink frog is almost dead.
The blink frog barely misses you.
The centaur shoots an arrow.
The arrow hits you.
* * * LOW HITPOINT WARNING * * *
The blink frog completely misses you.
Casting: Scorch (safe; 1% risk of failure)
Confirm with . or Enter, or press ? or * to list all spells.
Flames lash the centaur.
The centaur is heavily wounded.
The centaur's fire resistance burns away.
* * * LOW HITPOINT WARNING * * *
The centaur shoots an arrow.
The arrow hits you.
* * * LOW HITPOINT WARNING * * *
The blink frog hits you but does no damage.
Casting: Scorch (safe; 1% risk of failure)
Confirm with . or Enter, or press ? or * to list all spells.
Flames lash the centaur.
The centaur is heavily wounded.
* * * LOW HITPOINT WARNING * * *
The centaur shoots an arrow.
The arrow hits you.
* * * LOW HITPOINT WARNING * * *
The blink frog closely misses you.
Casting: Scorch (safe; 1% risk of failure)
Confirm with . or Enter, or press ? or * to list all spells.
Flames lash the centaur.
The centaur is burned terribly!
You kill the centaur!
* * * LOW HITPOINT WARNING * * *
The blink frog hits you but does no damage.
The blink frog hits you!
You die...

#.#####.# #.# .#
#.# .# # #.# .#
.##. #.# ......
#.# ##..#
#.#####....#
#...#...###.#
####..@F....#
#######........#
#........$.....#
#.####...........
#.# ##..........
#.# #....>.....
#.# #.........#
#.# #...#......#
###
#.#####....#......


You could see a blink frog (combustible).

Vanquished Creatures
  Pikel (D:8)
  Maggie (D:8)
  A blink frog (D:8)
  3 yaks (D:8)
  A steam dragon (D:7)
  Edmund (D:6)
  Pargi (Sewer)
  An ice beast (D:7)
  4 sky beasts (D:7)
  4 black bears
  An ogre (D:6)
  2 centaurs
  A phantom (D:6)
  A lemure (D:8)
  A kobold brigand (D:8)
  An elf zombie (D:6)
  A weeping skull (D:6)
  8 bullfrogs
  A brain worm (Sewer)
  3 scorpions
  A gnoll sergeant (D:6)
  11 killer bees
  A howler monkey (D:7)
  A centaur zombie (D:6)
  4 hounds
  3 jellies
  2 bombardier beetles
  A human zombie (D:6)
  5 orc priests
  Crazy Yiuf (D:2)
  4 sleepcaps
  Jessica (D:3)
  9 iguanas
  Ijyb (D:3)
  A scorpion zombie (D:6)
  Natasha (thrice) (D:2)
  An orc wizard (D:7)
  3 ogre zombies (D:6)
  3 hound zombies (D:6)
  2 howler monkey zombies (D:6)
  Robin (D:2)
  13 gnolls
  10 adders
  3 white imps
  3 adder zombies (D:6)
  A dart slug (D:1)
  2 ribbon worms
  28 orcs
  4 ball pythons
  11 bats
  3 giant cockroaches
  15 goblins
  7 hobgoblins
  2 jackals (D:4)
  5 quokkas
  16 kobolds
  6 rats
  A spectral orc (D:6)
227 creatures vanquished.

Vanquished Creatures (others)
  25 foxfires
25 creatures vanquished.

Grand Total: 252 creatures vanquished

Notes
Turn   | Place    | Note
-------+----------+-------------------------------------------
     0 | D:1      | elagabalus the Djinni Fire Elementalist began the quest for
                  | the Orb.
     0 | D:1      | elagabalus set off with the following spells memorised:
                  | Foxfire, Scorch, Volatile Blastmotes, Inner Flame, Flame
                  | Wave.
     0 | D:1      | Reached XP level 1. HP: 15/15 MP: 0/0
   169 | D:1      | Reached XP level 2. HP: 18/21 MP: 0/0
   720 | D:1      | Found Rooloer's Weapon Boutique.
   774 | D:1      | Found a faded altar of an unknown god.
   803 | D:1      | Reached XP level 3. HP: 23/25 MP: 0/0
   803 | D:1      | Learned a level 1 spell: Magic Dart
   966 | D:2      | Noticed Natasha
   970 | D:2      | Killed Natasha
   976 | D:2      | Reached XP level 4. HP: 21/31 MP: 0/0
  1025 | D:2      | Found a runed translucent door.
  1026 | D:2      | Noticed Crazy Yiuf
  1035 | D:2      | Killed Crazy Yiuf
  1120 | D:2      | Noticed Natasha
  1125 | D:2      | Killed Natasha
  1126 | D:2      | Reached XP level 5. HP: 26/35 MP: 0/0
  1126 | D:2      | Learned a level 2 spell: Call Imp
  1184 | D:2      | Noticed Natasha
  1192 | D:2      | Killed Natasha
  1193 | D:2      | Reached skill level 5 in Spellcasting
  1193 | D:2      | Reached skill level 5 in Conjurations
  1193 | D:2      | Reached skill level 5 in Hexes
  1193 | D:2      | Reached skill level 5 in Summonings
  1193 | D:2      | Reached skill level 5 in Necromancy
  1193 | D:2      | Reached skill level 5 in Translocations
  1193 | D:2      | Reached skill level 5 in Fire Magic
  1193 | D:2      | Reached skill level 5 in Ice Magic
  1193 | D:2      | Reached skill level 5 in Air Magic
  1193 | D:2      | Reached skill level 5 in Earth Magic
  1193 | D:2      | Reached skill level 5 in Alchemy
  1389 | D:2      | Reached XP level 6. HP: 25/40 MP: 0/0
  1560 | D:2      | Noticed Robin
  1564 | D:2      | Killed Robin
  1668 | D:3      | Noticed Jessica
  1685 | D:3      | Killed Jessica
  1818 | D:3      | Noticed Ijyb
  1827 | D:3      | Killed Ijyb
  1994 | D:3      | Found Ofiutasm's Weapon Shoppe.
  2094 | D:3      | Reached XP level 7. HP: 41/45 MP: 0/0
  2094 | D:3      | Learned a level 3 spell: Maxwell's Portable Piledriver
  2463 | D:4      | Found Xeeli's General Store.
  2509 | D:4      | Bought a scroll of identify for 20 gold pieces
  2650 | D:4      | Reached skill level 1 in Fighting
  2660 | D:4      | Found a broken altar of Ashenzari.
  2668 | D:4      | Became a worshipper of Ashenzari the Shackled
  2700 | D:4      | Found a sacrificial altar of Ru.
  2730 | D:4      | Found a blossoming altar of Fedhas.
  2957 | D:5      | Entered Level 5 of the Dungeon
  3549 | D:5      | Found a shimmering altar of Xom.
  3698 | D:5      | Reached XP level 8. HP: 49/58 MP: 0/0
  3703 | D:5      | Reached skill level 5 in Fighting
  4117 | D:6      | Found a basalt altar of Yredelemnul.
  4145 | D:6      | Reached XP level 9. HP: 12/67 MP: 0/0
  4145 | D:6      | Learned a level 4 spell: Anguish
  4271 | D:6      | Found a basalt altar of Yredelemnul.
  4489 | D:6      | Found a glowing drain.
  4493 | Sewer    | Entered a sewer
  4517 | Sewer    | Noticed Pargi
  4528 | Sewer    | Killed Pargi
  4674 | D:6      | Noticed Edmund
  4693 | D:6      | Killed Edmund
  4998 | D:7      | Found a staircase to the Ecumenical Temple.
  5095 | D:7      | Reached XP level 10. HP: 67/78 MP: 0/0
  5128 | D:7      | Reached skill level 5 in Dodging
  5238 | D:7      | Noticed Jeremiah
  5631 | D:7      | Found an ornate altar of the Wu Jian Council.
  5736 | D:8      | Noticed Pikel
  5744 | D:8      | Killed Pikel
  5800 | D:8      | Found a white marble altar of Elyvilon.
  5869 | D:8      | Noticed Maggie
  5881 | D:8      | Killed Maggie
  5924 | D:8      | Found Nipt's Weapon Shop.
  5969 | D:8      | Reached XP level 11. HP: 31/84 MP: 0/0
  5969 | D:8      | Learned a level 5 spell: Metabolic Englaciation
  5970 | D:8      | Reached skill level 10 in Spellcasting
  5970 | D:8      | Reached skill level 10 in Conjurations
  5970 | D:8      | Reached skill level 10 in Hexes
  5970 | D:8      | Reached skill level 10 in Summonings
  5970 | D:8      | Reached skill level 10 in Necromancy
  5970 | D:8      | Reached skill level 10 in Translocations
  5970 | D:8      | Reached skill level 10 in Fire Magic
  5970 | D:8      | Reached skill level 10 in Ice Magic
  5970 | D:8      | Reached skill level 10 in Air Magic
  5970 | D:8      | Reached skill level 10 in Earth Magic
  5970 | D:8      | Reached skill level 10 in Alchemy
  5981 | D:8      | Reached skill level 1 in Evocations
  6006 | D:8      | Found a staircase to the Lair.
  6176 | D:8      | Mangled by a blink frog

Illustrated notes

Levels and vault maps discovered:
D:1:      elethiomel_arrival_quiet, layout_loops_corners,
          shapermc_ecumenical_altar_starsandcircs, serial_shops,
          nicolae_shop_waterfront, chequers_serial_rivers_micro_c
D:2:      layout_loops_ring, uniq_crazy_yiuf_cottage, uniq_natasha, uniq_robin
D:3:      layout_loops_corners, serial_shops, nicolae_shop_advertising_works
          [nicolae_subvault_shop_adworks], uniq_ijyb, uniq_jessica
D:4:      layout_rooms, overflow_temple_1_default, fedhas_altar_fruit_tree,
          evilmike_ruin_ashenzari, serial_shops, shop, kennysheep_generic_room_8
D:5:      layout_layer_cave, vehumet_statue, lemuel_coloured_pillars_altar
D:6:      layout_cave_pools, yredelemnul_forgotten_temple_becter,
          gup_sewer_entry_bowl, minivault_22, roadster_capsule_ark_zombie,
          uniq_edmund
D:7:      minmay_polygon_palace, layout_basic,
          mainiacjoe_overflow_surrounded_room, minmay_temple_entry_ruins,
          interstate_on_off, uniq_jeremiah
D:8:      layout_loops_ring, mainiacjoe_overflow_concentric_impassable,
          nicolae_overflow_hidden_temple, trog_antimagical, dpeg_lair_monsters,
          serial_shops, shop, uniq_pikel, uniq_grum, uniq_maggie

Skill      XL: |  1  2  3  4  5  6  7  8  9 10 11 |
---------------+----------------------------------+-----
Spellcasting   | 4 5 6 7 9 10 | 10.1
Conjurations   | 4 5 6 7 9 10 | 10.1
Hexes          | 4 5 6 7 9 10 | 10.1
Summonings     | 4 5 6 7 9 10 | 10.1
Necromancy     | 4 5 6 7 9 10 | 10.1
Translocations | 4 5 6 7 9 10 | 10.1
Fire Magic     | 4 5 6 7 9 10 | 10.1
Ice Magic      | 4 5 6 7 9 10 | 10.1
Air Magic      | 4 5 6 7 9 10 | 10.1
Earth Magic    | 4 5 6 7 9 10 | 10.1
Alchemy        | 4 5 6 7 9 10 | 10.1
Fighting       | 4 6 9 |  9.1
Dodging        | 5 |  5.2
Evocations     | 1 |  1.4
Stealth        | |  1.5

Action                     |  1- 3 |  4- 6 |  7- 9 | 10-12 || total
---------------------------+-------+-------+-------+-------++-------
  Melee: Dagger            |     2 |       |       |       ||     2
         Quarterstaff      |       |     4 |    11 |    35 ||    50
         Staff             |       |       |       |    12 ||    12
   Cast: Foxfire           |    10 |     1 |     3 |       ||    14
         Scorch            |    17 |    60 |   166 |    51 ||   294
         Flame Wave        |       |     2 |    10 |    10 ||    22
 Invoke: Curse Item        |       |       |     1 |       ||     1
    Use: Scroll            |       |     2 |    12 |     3 ||    17
         Potion            |       |       |     1 |       ||     1
   Stab: Confused          |       |       |     1 |       ||     1
 Armour: Robe              |     8 |    26 |    46 |    71 ||   151
  Dodge: Dodged            |    13 |    20 |    87 |    64 ||   184

Table legend: (Time is in decaauts)
 A = Elapsed time spent in this place.
 B = Non-inter-level travel time spent in this place.
 C = Inter-level travel time spent in this place.
 D = Time resting spent in this place.
 E = Time spent auto-exploring this place.
 F = Levels seen in this place.
 G = Mean time per level.
                   A        B        C        D        E       F      G
               +--------+--------+--------+--------+--------+-----+--------+
         Total |   6199 |   6178 |     21 |    100 |      0 |   9 |  688.8 |
       Dungeon |   6117 |   6096 |     21 |    100 |      0 |   8 |  764.6 |
         Sewer |     81 |     81 |      0 |      0 |      0 |   1 |   81.0 |
               +--------+--------+--------+--------+--------+-----+--------+

Top non-repeatable levels by time:
     D:5: 1159 daAuts
     D:1: 919 daAuts
     D:7: 891 daAuts
     D:3: 818 daAuts
     D:2: 728 daAuts
     D:6: 651 daAuts
     D:4: 500 daAuts
     D:8: 448 daAuts
   Sewer: 81 daAuts
